 Dungeon Crawl Stone Soup version 0.25-a0-890-g62861fb (webtiles) character file.

Game seed: 6519516990821838683, levelgen mode: deterministic

839 BlueFish the Insei (level 8, -1/51 HPs)
             Began as an Octopode Transmuter on May 7, 2020.
             Splashed by a jelly's acid (4 damage)
             ... on level 5 of the Dungeon on May 8, 2020.
             The game lasted 00:13:50 (5751 turns).

BlueFish the Insei (Octopode Transmuter)            Turns: 5751, Time: 00:13:51

Health: -1/51      AC: -11   Str: 11    XL:     8   Next: 0%
Magic:  11/12      EV: 14    Int: 15    God:
Gold:   158        SH:  0    Dex: 13    Spells: 7/13 levels left

rFire    . . .     SeeInvis .     - Unarmed
rCold    . . .     Gourm    .   (no shield)
rNeg     . . .     Faith    .   (helmet restricted)
rPois    .         Spirit   .   (no amulet)
rElec    .         Reflect  .   (no ring)
rCorr    .         Harm     .   (no ring)
MR       .....                  (no ring)
Stlth    ++++......             (no ring)
HPRegen  0.17/turn              (no ring)
MPRegen  0.13/turn              (no ring)
                                (no ring)
                                (no ring)

@: appendage (expiring), corroded
A: almost no armour, stealthy swim, amphibious, 8 rings, constrict 8, tentacle
spike 3, camouflage 1, gelatinous body 1
a: End Transformation


You were on level 5 of the Dungeon.
You were not hungry.
One of your tentacles had a temporary spike.
You visited 1 branch of the dungeon, and saw 5 of its levels.

You collected 158 gold pieces.

Inventory:

Hand Weapons
 r - the cursed +1 hand axe "Xatonob" {protect, Str+4}
   (You took it off an orc on level 4 of the Dungeon)

   It grants its wielder temporary protection when it strikes (+7 to AC).
   It affects your strength (+4).
   It has a curse placed upon it.
Missiles
 a - 41 arrows
Jewellery
 b - an uncursed amulet of guardian spirit
Scrolls
 k - a scroll of enchant armour
 m - a scroll of teleportation
 o - a scroll of fog
 p - a scroll of enchant weapon
 s - 3 scrolls of remove curse
Potions
 d - 3 potions of lignification
 e - a potion of heal wounds
 f - 2 potions of curing {unknown}
 g - a potion of cancellation {unknown}
 h - a potion of degeneration {unknown}
 i - a potion of might {unknown}
 j - a potion of brilliance {unknown}
 n - a potion of stabbing {unknown}
Comestibles
 c - 10 rations


   Skills:
 * Level 2.9 Fighting
 * Level 3.4 Dodging
 * Level 4.2 Stealth
 * Level 5.3 Unarmed Combat
 + Level 3.3 Spellcasting
 * Level 4.0 Transmutations
 * Level 2.7 Poison Magic


You had 7 spell levels left.
You knew the following spells:

 Your Spells              Type           Power        Failure   Level  Hunger
a - Beastly Appendage     Tmut           ##....       3%          1    #......
b - Sticks to Snakes      Tmut           ##......     5%          2    ##.....
c - Spider Form           Tmut/Pois      ##........   14%         3    ###....

Your spell library contained the following spells:

 Spells                   Type           Power        Failure   Level  Hunger
 Corona                   Hex            #......      21%         1    #......
 Ensorcelled Hibernation  Hex/Ice        #.....       30%         2    ##.....
 Confusing Touch          Hex            #.......     52%         3    ###....
 Dazzling Flash           Conj/Hex       #.....       52%         3    ###....
 Tukima's Dance           Hex            #.......     52%         3    ###....
 Ice Form                 Ice/Tmut       #.......     63%         4    #####..
 Blade Hands              Tmut           ##........   71%         5    ######.


Dungeon Overview and Level Annotations

Branches:
Dungeon (5/15)
 Temple: D:4-7

Altars:
Elyvilon
Nemelex Xobeh
Yredelemnul

Annotations:
D:5 exclusion: door, Dowan, Duvessa


Innate Abilities, Weirdness & Mutations

You cannot wear most types of armour.
You are very stealthy in the water. (Stealth+)
You are amphibious.
You can wear up to eight rings at the same time.
You can use your tentacles to constrict eight enemies at once.
Your skin changes colour to match your surroundings (Stealth+).
Your rubbery body absorbs attacks. (AC +1, EV +1)
One of your tentacles bears a large vicious spike.


Message History

You tentacle-slap the jelly. The acid corrodes you!
Your tentacles burn!
You pierce the jelly, but do no damage.
The jelly is moderately wounded.
The jelly hits you.
You are splashed with acid!
You tentacle-slap the jelly.
Your tentacles burn!
You pierce the jelly.
The jelly is severely wounded.
The jelly closely misses you.
You tentacle-slap the jelly but do no damage.
The acid corrodes you!
Your tentacles burn!
* * * LOW HITPOINT WARNING * * *
You tentacle-slap the jelly, but do no damage.
You squeeze the jelly, but do no damage.
The jelly is severely wounded.
The jelly hits you.
* * * LOW HITPOINT WARNING * * *
You are splashed with acid!
* * * LOW HITPOINT WARNING * * *
You tentacle-slap the jelly but do no damage.
Your tentacles burn!
You die...

## ### ## ##
#..... .. .>#
#.##.# .##.#
#.##.# ...(
#.##.##..#
#.#....J.#
##.#..#@.#
#......#....#
#..#...#.##.#
#.......... #
#.##.#.####
#.##.#.# #+
#.##.#.# ...
#.##.#.# ....
#......##
..>e.


You could see a jelly.

Vanquished Creatures
  A phantom (D:4)
  An ogre (D:4)
  A centaur (D:3)
  A howler monkey (D:4)
  A crimson imp (D:5)
  A jelly (D:5)
  An orc priest (D:4)
  An iguana (D:4)
  A bullfrog skeleton (D:4)
  5 worker ants (D:4)
  Robin (D:2)
  6 gnolls
  13 adders
  A shadow imp (D:2)
  2 adder zombies (D:5)
  A worm (D:2)
  A dart slug (D:3)
  4 leopard geckos
  5 orcs
  2 ball pythons
  8 giant cockroaches
  13 goblins
  6 hobgoblins
  5 jackals
  9 kobolds
  A quokka (D:5)
  11 bats
  2 frilled lizards
  4 rats
109 creatures vanquished.

Vanquished Creatures (collateral kills)
  A goblin (D:2)
  2 hobgoblins (D:2)
3 creatures vanquished.

Grand Total: 112 creatures vanquished

Notes
Turn   | Place    | Note
-------+----------+-------------------------------------------
     0 | D:1      | BlueFish the Octopode Transmuter began the quest for the
                  | Orb.
     0 | D:1      | Reached XP level 1. HP: 13/13 MP: 3/3
   283 | D:1      | Reached XP level 2. HP: 7/18 MP: 3/5
   456 | D:1      | Learned a level 2 spell: Sticks to Snakes
   738 | D:1      | Reached XP level 3. HP: 9/23 MP: 6/6
  1266 | D:2      | Reached skill level 1 in Stealth
  1287 | D:2      | Identified the +2 helmet of Atehor {rElec Int+6}
  1287 | D:2      | Noticed Robin
  1296 | D:2      | Reached XP level 4. HP: 17/28 MP: 3/7
  1302 | D:2      | Killed Robin
  1931 | D:2      | Learned a level 3 spell: Spider Form
  1988 | D:2      | Reached XP level 5. HP: 16/34 MP: 6/8
  2196 | D:2      | Reached skill level 4 in Unarmed Combat
  2665 | D:3      | Noticed a centaur
  2675 | D:3      | Killed a centaur
  2675 | D:3      | Reached skill level 1 in Poison Magic
  2675 | D:3      | Reached XP level 6. HP: 15/39 MP: 7/10
  3053 | D:3      | Found a basalt altar of Yredelemnul.
  3783 | D:3      | Found a sparkling altar of Nemelex Xobeh.
  4009 | D:3      | Found a white marble altar of Elyvilon.
  4376 | D:4      | Reached XP level 7. HP: 11/45 MP: 11/11
  4769 | D:4      | Reached skill level 5 in Unarmed Combat
  5004 | D:4      | Identified the cursed +1 hand axe "Xatonob" {protect,
                  | Str+4}
  5306 | D:5      | Entered Level 5 of the Dungeon
  5666 | D:5      | Noticed Duvessa
  5666 | D:5      | Noticed Dowan
  5697 | D:5      | Reached XP level 8. HP: 47/51 MP: 10/12
  5751 | D:5      | Splashed by a jelly's acid

Levels and vault maps discovered:
D:1:      minmay_arrival_stair_chambers, layout_rooms, minmay_hedge_maze
D:2:      layout_loops_cross, uniq_robin
D:3:      layout_basic, kennysheep_ying_yang, overflow_temple_1_default
D:4:      layout_basic, first_ration
D:5:      layout_loops_corners, nicolae_overflow_crystal_walls,
          marbit_many_paths, lemuel_coloured_pillars_altar, uniq_duvessa

Skill      XL: |  1  2  3  4  5  6  7 |
---------------+----------------------+-----
Stealth        | 1 2 3 4 |  4.2
Unarmed Combat | 4 5 |  5.3
Fighting       | 2 |  2.9
Transmutations | 3 4 |  4.0
Poison Magic   | 1 2 |  2.7
Dodging        | 3 |  3.4
Spellcasting   | 3 |  3.3

Action                   |  1- 3 |  4- 6 |  7- 9 || total
-------------------------+-------+-------+-------++-------
Melee: Unarmed           |    72 |   133 |    78 ||   283
       Constrict         |    18 |    36 |    17 ||    71
       Tentacles         |    11 |    23 |    14 ||    48
       Kick              |    12 |    34 |    25 ||    71
       Punch             |     3 |     2 |     4 ||     9
 Cast: Beastly Appendage |    17 |    39 |    18 ||    74
       Sticks to Snakes  |     1 |     7 |     4 ||    12
  Use: Scroll            |     2 |     4 |     4 ||    10
 Stab: Sleeping          |     3 |     9 |     4 ||    16
       Distracted        |       |       |     1 ||     1
  Eat: Chunk             |     1 |    11 |     5 ||    17
Armor: Skin              |    14 |     9 |       ||    23
Dodge: Dodged            |    60 |    77 |    38 ||   175

Table legend:
 A = Non-vault XP
 B = Vault XP
 C = Vault XP percentage of total XP
 D = Non-vault monster count
 E = Vault monster count
 F = Vault count percentage of total count
                 A         B        C        D         E       F
            +---------+---------+-------+---------+---------+-------
      Total |    1169 |      30 |   2.5 |     102 |      10 |   8.9
            +---------+---------+-------+---------+---------+-------
        D:1 |      41 |       0 |   0.0 |      24 |       0 |   0.0
        D:2 |     144 |      30 |  17.2 |      29 |      10 |  25.6
        D:3 |     245 |       0 |   0.0 |      22 |       0 |   0.0
        D:4 |     608 |       0 |   0.0 |      20 |       0 |   0.0
        D:5 |     131 |       0 |   0.0 |       7 |       0 |   0.0
            +---------+---------+-------+---------+---------+-------
